 Dungeon Crawl Stone Soup version 0.17-a0-2115-g0d8b93e (webtiles) character file.

492 Ordine the Cruncher (level 6, -1/50 HPs)
             Began as a Minotaur Gladiator on Oct 19, 2015.
             Killed by divine providence
             ... invoked by an orc priest
              (15 damage)
             ... on level 4 of the Dungeon.
             The game lasted 00:09:44 (3982 turns).

Ordine the Cruncher (Minotaur Gladiator)            Turns: 3982, Time: 00:09:44

Health: -1/50      AC:  9    Str: 19    XL:     6   Next: 91%
Magic:  5/5        EV:  8    Int:  5    God:
Gold:   139        SH:  0    Dex: 13    Spells: 0 memorised, 5 levels left

rFire  . . .     SeeInvis .     a - +0 quarterstaff
rCold  . . .     Clarity  .     f - +0 chain mail
rNeg   . . .     SustAt   .     (no shield)
rPois  .         Gourm    .     c - +0 hat
rElec  .         Spirit   .     o - +0 cloak
rCorr  .         Warding  .     (no gloves)
rMut   .         Stasis   .     (no boots)
MR     .....                    k - amulet of rage
Stlth  ..........               (no ring)
                                (no ring)

@: not resistant to hostile enchantments, extremely unstealthy
A: retaliatory headbutt, horns 2
a: Evoke Berserk Rage


You were on level 4 of the Dungeon.
You were near starving.

You visited 1 branch of the dungeon, and saw 4 of its levels.

You collected 139 gold pieces.

Inventory:

Hand Weapons
 a - a +0 quarterstaff (weapon)
Missiles
 d - 3 throwing nets (quivered)
Armour
 c - a +0 hat (worn)
 f - a +0 chain mail (worn)
 o - a +0 cloak (worn)
Jewellery
 k - an amulet of rage (around neck)
 p - a +1 ring of evasion {unknown}
Scrolls
 i - a scroll of amnesia
 m - a scroll of recharging
 q - a scroll of magic mapping
Potions
 b - a potion of resistance {unknown}
 g - 2 potions of agility
 h - a potion of might
 j - 2 potions of haste
 l - a potion of lignification {unknown}
 n - 4 potions of curing
Comestibles
 e - a bread ration


   Skills:
 - Level 2.4 Fighting
 + Level 9.4 Staves
 - Level 2.0 Throwing
 - Level 3.2 Dodging


You had 5 spell levels left.
You didn't know any spells.

Dungeon Overview and Level Annotations

Branches:
Dungeon (4/15)
 Temple: D:4-7

Altars:
Makhleb
Nemelex Xobeh
Ru


Innate Abilities, Weirdness & Mutations

You reflexively headbutt those who attack you in melee.
You have a pair of horns on your head.


Message History

You sock the orc wizard!
The orc wizard is heavily wounded.
The orc wizard hits you but does no damage.
You closely miss the orc priest. Your headbutt misses the orc priest.
The orc priest is heavily wounded.
The orc wizard hits you but does no damage.
The orc priest hits you with a short sword.
* * * LOW HITPOINT WARNING * * *
You are too injured to fight recklessly!
You are too injured to fight recklessly!
You are too injured to fight recklessly!
You are too injured to fight recklessly!
You are too injured to fight recklessly!
You are too injured to fight recklessly!
You completely miss the orc wizard.
The orc wizard is heavily wounded.
The orc wizard hits you but does no damage.
The orc priest mumbles some strange prayers to Beogh against you.
Something smites you!
You die...

####.### #....#
#.####
#.###########
#..)........#
#.#########.# #
#.# #.#
#.###########.###
#.o@o...........#
#################


You could see an orc priest and an orc wizard.

Vanquished Creatures
  Sigmund (D:2)
  A hound (D:3)
  Crazy Yiuf (D:3)
  An orc priest (D:4)
  Natasha (twice) (D:3)
  Robin (D:2)
  7 adders
  5 worms
  3 giant geckos (D:1)
  10 orcs (D:3)
  22 goblins
  12 hobgoblins
  5 jackals
  3 kobolds
  A quokka (D:3)
  2 ball pythons (D:1)
  8 bats
  14 giant cockroaches
  2 giant newts
  9 rats
110 creatures vanquished.

Notes
Turn   | Place    | Note
--------------------------------------------------------------
     0 | D:1      | Ordine the Minotaur Gladiator began the quest for the Orb.
     0 | D:1      | Reached XP level 1. HP: 18/18 MP: 0/0
    29 | D:1      | Reached skill level 4 in Staves
    81 | D:1      | Reached XP level 2. HP: 25/25 MP: 1/1
   320 | D:1      | Reached skill level 5 in Staves
   370 | D:1      | Reached XP level 3. HP: 18/30 MP: 2/2
   995 | D:2      | Reached XP level 4. HP: 24/37 MP: 3/3
  1200 | D:2      | Reached skill level 6 in Staves
  1348 | D:2      | Noticed Sigmund
  1359 | D:2      | Killed Sigmund
  1359 | D:2      | Reached skill level 7 in Staves
  1359 | D:2      | Reached XP level 5. HP: 34/42 MP: 4/4
  1536 | D:2      | Reached skill level 8 in Staves
  1547 | D:2      | Found a sparkling altar of Nemelex Xobeh.
  1593 | D:2      | Noticed Robin
  1613 | D:2      | Killed Robin
  1617 | D:2      | Reached XP level 6. HP: 42/50 MP: 5/5
  2020 | D:2      | Found a sacrificial altar of Ru.
  2210 | D:3      | Found a burning altar of Makhleb.
  2522 | D:3      | Noticed Crazy Yiuf
  2526 | D:3      | Killed Crazy Yiuf
  2852 | D:3      | Noticed Natasha
  2860 | D:3      | Killed Natasha
  2860 | D:3      | Reached skill level 9 in Staves
  3066 | D:3      | Noticed Natasha
  3072 | D:3      | Killed Natasha
  3982 | D:4      | Killed from afar by an orc priest

Vault maps used:
D:1:      onia_arrival_larder, minmay_misc_feat_square
D:2:      kennysheep_the_goblin_king, nemelex_xobeh_ov_fountains_minmay,
          grunt_decor_cap, nicolae_ru_the_path_less_chosen, uniq_sigmund,
          uniq_robin
D:3:      makhleb_heckhound_becter, uniq_crazy_yiuf_cottage, uniq_natasha
D:4:      first_bread, glass_columns_a, nemelex_diamond_rough_becter

Action                   |  1- 3 |  4- 6 || total
-------------------------+-------+-------++-------
Melee: Quarterstaff      |    72 |   180 ||   252
Throw: Throwing net      |       |     1 ||     1
  Use: Scroll            |     5 |     4 ||     9
 Stab: Sleeping          |     2 |       ||     2
  Eat: Chunk             |       |     8 ||     8
